Map: 10000 Feet LE

Players

Reynor

  • Race: Zerg Zerg
  • League: Master
  • Spawn Location: 11:00

ShoWTimE - Winner!

  • Race: Protoss Protoss
  • League: Master
  • Spawn Location: 5:00

VOD

Have the link to the VOD?

Description

Time

  • Played on: Jan. 31, 2026, 3 p.m.
  • Length: 14:17
Show
View Real Time Build Order
Export as new Build Order

Reynor Zerg 

Build Orders: Hatch First, Lurkers 

Get SALT Encoding   

  12  0:00  Drone  
  13  0:08  Drone  
  14  0:14  Extractor  
  14  0:15  Drone  
  15  0:34  Overlord  
  15  0:42  Hatchery  
  15  0:47  Extractor, Drone  
  15  0:52  Drone  
  15  0:53  Drone  
  17  0:59  Drone  
  18  1:09  Extractor  
  17  1:13  Spawning Pool  
  17  1:16  Drone  
  17  1:20  Drone  
  18  1:30  Drone  
  19  1:41  Drone  
  20  1:52  Drone  
  21  1:54  Drone  
  21  2:00  Queen x2  
  26  2:03  Overlord  
  26  2:07  Zergling x2  
  27  2:13  Metabolic Boost  
  27  2:16  Zergling x2  
  27  2:22  Drone  
  29  2:24  Drone  
  29  2:27  Drone  
  31  2:36  Queen  
  33  2:49  Zergling x2, Hatchery  
  33  2:52  Zergling x2  
  33  2:55  Overlord  
  33  2:58  Zergling x2  
  35  3:00  Drone  
  36  3:12  Overlord  
  36  3:13  Queen  
  36  3:15  Zergling x2  
  39  3:20  Drone x2  
  39  3:25  Drone  
  39  3:31  Drone  
  39  3:33  Drone  
  40  3:36  Drone  
  40  3:41  Drone x2  
  42  3:43  Drone  
  42  3:45  Drone  
  42  3:48  Drone  
  45  3:50  Drone  
  45  3:52  Drone  
  45  3:55  Drone x2  
  49  3:57  Drone  
  49  4:00  Overlord  
  49  4:02  Drone  
  51  4:05  Spore Crawler  
  51  4:08  Spore Crawler  
  51  4:09  Drone  
  50  4:13  Drone x2  
  50  4:15  Drone  
  53  4:17  Drone  
  53  4:18  Drone  
  53  4:22  Drone x2  
  53  4:24  Drone x2  
  58  4:29  Drone x3  
  62  4:34  Roach Warren  
  62  4:37  Overlord  
  62  4:38  Zergling x2  
  62  4:40  Zergling x2  
  62  4:43  Drone x3  
  66  4:49  Overlord  
  66  4:56  Hatchery, Overlord  
  66  4:58  Drone  
  66  4:59  Extractor  
  65  5:02  Drone x2  
  65  5:04  Spore Crawler  
  65  5:05  Spore Crawler  
  65  5:09  Drone x2  
  65  5:11  Drone  
  65  5:12  Drone  
  68  5:19  Lair  
  68  5:20  Drone x3  
  72  5:27  Zergling x14  
  78  5:33  Zergling x2  
  79  5:37  Overlord  
  79  5:39  Zergling x2  
  79  5:40  Zergling x2  
  79  5:41  Overlord  
  81  5:43  Hatchery, Overlord  
  81  5:44  Zergling x2  
  80  5:52  Zergling x2  
  80  5:53  Overlord  
  80  5:55  Drone x3  
  84  5:58  Evolution Chamber, Zergling x2  
  84  5:59  Zergling x2, Evolution Chamber  
  84  6:05  Zergling x2  
  84  6:08  Zergling x8  
  84  6:10  Zergling x4  
  89  6:12  Zergling x6  
  89  6:17  Zergling x8  
  95  6:19  Drone  
  95  6:21  Extractor, Zergling x4  
  95  6:23  Hydralisk Den  
  95  6:25  Zerg Missile Weapons Level 1, Zerg Melee Weapons Level 1  
  96  6:27  Drone  
  97  6:33  Drone x2  
  97  6:38  Overlord  
  98  6:41  Drone x3  
  98  6:43  Zergling x4  
  103  6:47  Drone x3  
  103  6:51  Drone  
  103  6:53  Extractor  
  106  6:54  Extractor, Drone  
  106  6:56  Infestation Pit, Extractor  
  106  6:57  Overlord  
  104  7:03  Drone x5  
  104  7:05  Drone  
  104  7:07  Hatchery, Drone x2  
  109  7:11  Drone x3  
  109  7:12  Muscular Augments  
  109  7:14  Overlord  
  112  7:18  Hydralisk x5  
  112  7:22  Drone  
  122  7:27  Overlord  
  122  7:28  Drone  
  122  7:29  Drone  
  123  7:31  Drone  
  123  7:33  Hydralisk x3  
  130  7:37  Overlord  
  130  7:38  Drone x3  
  130  7:41  Spore Crawler  
  130  7:42  Drone x4  
  136  7:45  Overlord  
  136  7:47  Hive  
  136  7:50  Drone x4  
  140  7:53  Lurker Den  
  139  7:58  Drone x2  
  139  8:00  Extractor  
  139  8:01  Extractor  
  139  8:03  Hydralisk x4  
  147  8:07  Zergling x10  
  147  8:10  Overlord  
  147  8:11  Zergling x2  
  153  8:14  Pneumatized Carapace  
  153  8:21  Overlord x2  
  153  8:22  Zergling x12  
  153  8:24  Drone  
  153  8:25  Drone x2  
  162  8:28  Overseer  
  162  8:29  Zerg Missile Weapons Level 2  
  162  8:32  Zergling x12  
  168  8:36  Zerg Melee Weapons Level 2  
  168  8:38  Overlord  
  168  8:40  Drone x3  
  168  8:41  Drone  
  172  8:46  Spore Crawler  
  170  8:49  Extractor, Hydralisk x4  
  177  8:56  Drone  
  177  8:58  Seismic Spines  
  177  8:59  Spire  
  177  9:02  Drone x2  
  179  9:03  Extractor, Zergling x12  
  179  9:08  Lurker x3  
  186  9:15  Overlord  
  183  9:17  Adrenal Glands  
  183  9:21  Zergling x18  
  183  9:23  Overlord  
  187  9:27  Lurker x2  
  187  9:30  Hydralisk x2  
  187  9:31  Zergling x14  
  188  9:33  Overlord  
  187  9:44  Lurker x3  
  187  9:53  Grooved Spines  
  187  9:54  Hydralisk x4  
  187  9:55  Zergling x12  
  200  10:06  Adaptive Talons  
  199  10:14  Spore Crawler  
  199  10:15  Spine Crawler, Drone  
  199  10:16  Drone  
  199  10:25  Hatchery  
  198  10:33  Hydralisk x3  
  198  10:34  Zergling x8  
  200  10:40  Overlord  
  200  10:42  Overseer  
  195  10:46  Zergling x2  
  195  10:47  Zergling x8  
  195  10:49  Overlord  
  199  11:04  Hydralisk, Zergling x4  
  186  11:05  Zergling x6  
  186  11:07  Hydralisk x3  
  186  11:08  Zergling x6  
  199  11:13  Hydralisk x2  
  199  11:14  Zergling x2  
  185  11:19  Zerg Missile Weapons Level 3, Zerg Melee Weapons Level 3  
  185  11:22  Hydralisk x2  
  185  11:23  Zergling x16  
  169  11:26  Hydralisk x3  
  169  11:32  Hydralisk  
  161  11:33  Hydralisk  
  161  11:38  Corruptor  
  161  11:39  Corruptor x3  
  167  11:41  Zerg Flyer Weapons Level 1  
  167  11:43  Corruptor  
  169  11:48  Corruptor x4  
  169  11:50  Lurker x5  
  169  11:51  Lurker  
  169  11:53  Zergling x6  
  186  11:55  Lurker, Queen  
  186  11:56  Hatchery  
  186  11:58  Zergling x6  
  191  12:02  Corruptor x2  
  191  12:06  Zergling x8  
  199  12:15  Overlord  
  199  12:17  Overseer x3, Nydus Network  
  199  12:22  Unknown  
  198  12:23  Overlord  
  198  12:39  Overseer x3  
  198  12:43  Corruptor x4  
  196  12:49  Hydralisk x3  
  196  12:50  Zergling x12  
  166  12:52  Hydralisk x3  
  166  12:53  Zergling x24  
  166  12:55  Hydralisk  
  176  13:02  Hydralisk  
  176  13:04  Corruptor x3  
  179  13:06  Overlord x3  
  179  13:12  Hydralisk  
  171  13:17  Hydralisk  
  154  13:20  Overlord  
  154  13:21  Corruptor x4  
  154  13:25  Hydralisk  
  154  13:26  Zergling x4  
  148  13:32  Hydralisk  
  152  13:36  Hydralisk  
  152  13:37  Zergling x4  
  152  13:41  Hydralisk x3, Zergling x2  
  154  13:45  Hydralisk x3  
  154  13:47  Hydralisk x4  
  154  13:48  Zergling x2  
  160  13:56  Lurker  
  160  13:57  Lurker x2  
Show
View Real Time Build Order
Export as new Build Order

ShoWTimE Protoss - Winner!

Build Orders: 1 Gate Expand, Oracle Opening 

Get SALT Encoding   

  12  0:00  Probe  
  13  0:12  Probe  
  14  0:20  Pylon  
  14  0:24  Probe  
  15  0:34  Probe  
  15  0:40  Gateway  
  16  0:43  Probe  
  16  0:49  Assimilator  
  17  0:53  Probe  
  18  1:05  Probe  
  19  1:17  Probe  
  20  1:25  Nexus  
  20  1:35  Cybernetics Core  
  20  1:38  Probe  
  21  1:42  Assimilator  
  21  1:50  Probe  
  21  1:53  Pylon  
  22  2:02  Adept, Probe  
  23  2:14  Probe  
  26  2:22  Adept, Stargate  
  26  2:26  Probe  
  27  2:34  Probe  
  27  2:35  Warp Gate  
  29  2:38  Probe  
  29  2:42  Probe  
  31  2:50  Probe  
  33  2:51  Adept  
  33  2:52  Probe  
  33  2:58  Oracle  
  36  3:02  Probe  
  36  3:04  Probe  
  41  3:15  Probe  
  41  3:16  Probe  
  43  3:28  Nexus  
  43  3:30  Probe  
  44  3:35  Probe  
  44  3:36  Pylon  
  46  3:43  Gateway  
  46  3:44  Probe  
  46  3:47  Probe  
  46  3:48  Oracle  
  46  3:53  Assimilator  
  46  3:57  Twilight Council, Probe  
  46  3:59  Probe  
  46  4:01  Blink  
  48  4:03  Gateway  
  48  4:09  Pylon  
  48  4:11  Assimilator, Probe  
  48  4:12  Probe  
  50  4:24  Probe, Stalker  
  51  4:25  Probe  
  54  4:36  Probe  
  54  4:37  Probe  
  56  4:40  Stalker, Probe  
  56  4:44  Forge  
  59  4:48  Probe  
  59  4:49  Stalker, Probe  
  59  4:52  Probe  
  64  5:00  Probe, Stalker  
  64  5:01  Probe  
  64  5:04  Probe  
  69  5:12  Probe  
  69  5:13  Probe  
  71  5:14  Stalker x2  
  71  5:17  Probe  
  71  5:18  Pylon  
  76  5:23  Protoss Ground Weapons Level 1, Photon Cannon  
  76  5:24  Probe  
  76  5:27  Pylon  
  77  5:32  Pylon  
  77  5:36  Probe  
  77  5:37  Probe x2  
  77  5:40  Stalker x2  
  84  5:49  Probe x3, Assimilator  
  87  5:53  Assimilator  
  87  5:54  Charge  
  87  5:56  Stalker  
  87  6:00  Templar Archives  
  87  6:01  Probe x3  
  87  6:02  Gateway  
  90  6:08  Stalker x2  
  94  6:17  Gateway  
  94  6:19  Psionic Storm  
  94  6:20  Gateway  
  94  6:22  Stalker  
  96  6:26  Shield Battery  
  96  6:33  Gateway  
  96  6:35  Gateway  
  96  6:39  High Templar x2  
  100  6:42  Pylon  
  100  6:46  Nexus  
  100  6:53  Photon Cannon  
  100  6:57  Probe  
  100  6:58  Photon Cannon  
  100  6:59  Pylon  
  100  7:00  Zealot  
  100  7:01  Zealot  
  105  7:07  Pylon  
  103  7:13  Probe x3  
  103  7:14  Photon Cannon  
  106  7:17  High Templar x2  
  106  7:20  Photon Cannon  
  110  7:23  Zealot x3  
  110  7:27  Probe  
  110  7:29  Photon Cannon, Probe  
  118  7:30  Probe  
  118  7:31  Photon Cannon  
  118  7:33  Shield Battery  
  118  7:36  High Templar x3  
  125  7:37  Protoss Ground Weapons Level 2  
  125  7:40  Robotics Facility  
  125  7:41  Pylon  
  125  7:48  Photon Cannon  
  125  7:50  Pylon  
  125  7:54  Assimilator  
  125  7:58  Probe x3  
  128  7:59  Assimilator  
  128  8:01  Pylon  
  128  8:02  Probe  
  126  8:07  High Templar x2  
  126  8:08  Zealot x2  
  126  8:10  Probe x3  
  137  8:14  Probe  
  137  8:17  Pylon, Archon  
  138  8:21  Fleet Beacon, Observer  
  138  8:22  Probe x3  
  138  8:25  Shield Battery, Zealot  
  138  8:26  Probe  
  144  8:30  Zealot x2  
  149  8:36  Stargate  
  149  8:37  Warp Prism  
  151  8:50  Pylon  
  151  8:52  Pylon, Zealot x5  
  159  9:04  Pylon  
  159  9:05  Pylon  
  159  9:07  Zealot x3  
  163  9:12  Mothership  
  163  9:14  Zealot x2  
  163  9:15  Zealot x3  
  163  9:16  Tempest  
  171  9:20  Tempest  
  177  9:37  High Templar  
  177  9:38  High Templar  
  181  9:43  Warp Prism, Archon  
  181  9:49  Tempest  
  179  9:55  Tempest  
  179  9:57  Photon Cannon  
  177  10:00  Photon Cannon  
  177  10:01  Protoss Ground Weapons Level 3  
  177  10:03  Photon Cannon  
  177  10:06  High Templar x3  
  187  10:07  High Templar  
  187  10:12  Archon x2  
  189  10:22  Tempest  
  189  10:23  Forge  
  183  10:36  High Templar  
  183  10:37  High Templar, Zealot  
  183  10:39  Tempest  
  189  10:43  Archon  
  189  10:49  Photon Cannon  
  189  10:55  Stalker x3  
  189  10:56  Zealot x2  
  183  10:58  Pylon  
  183  11:02  Zealot, Photon Cannon  
  171  11:09  Zealot x2  
  171  11:10  Probe  
  171  11:11  Probe x3  
  167  11:19  Zealot x5  
  167  11:22  Probe  
  167  11:23  Probe  
  165  11:26  Zealot  
  165  11:27  Probe x2  
  165  11:28  Tempest x2  
  165  11:32  Protoss Shields Level 1  
  169  11:33  Immortal  
  169  11:35  Probe x2  
  169  11:39  Probe  
  168  11:41  High Templar x3  
  168  11:42  High Templar  
  168  11:46  Photon Cannon, Archon x2, Probe  
  182  11:47  Probe  
  182  11:48  Photon Cannon  
  182  11:51  Zealot x3  
  188  12:00  Nexus, Zealot  
  190  12:02  Pylon  
  190  12:04  Robotics Facility  
  190  12:08  Protoss Air Weapons Level 1  
  190  12:12  Pylon  
  190  12:22  Zealot x8  
  196  12:35  Photon Cannon  
  196  12:40  Photon Cannon  
  194  12:49  Zealot x2  
  194  12:50  Zealot x2  
  194  12:51  Immortal  
  197  12:54  Zealot  
  197  12:55  Zealot  
  184  13:00  Zealot x2  
  184  13:10  Zealot x4  
  184  13:12  Probe  
  172  13:20  Zealot x2  
  163  13:28  Probe  
  163  13:31  High Templar x6  
  163  13:33  Probe  
  185  13:34  Probe  
  185  13:37  Archon x3  
  186  13:44  Probe x2  
  186  13:45  Probe  
  189  13:54  Zealot x2  
  189  13:55  Unknown  
  193  13:57  Probe x3  
  193  13:58  Probe  
Tags
 
Add a new tag
Caveats
  • Supply blocks, unpowered buildings, or Contaminate may cause inaccurate times.
  • Supply counts are checked every 10 seconds.